 Dungeon Crawl Stone Soup version 0.32-a0-986-ga09f62fbf4 (webtiles) character file.

Game seed: 16188694808931043645

11 protoss039 the Digger (level 2, 21/21 HPs)
             Began as a Demonspawn Earth Elementalist on Apr 21, 2024.
             Got out of the dungeon alive.
             The game lasted 00:00:34 (468 turns).

protoss039 the Digger (DsEE)                         Turns: 468, Time: 00:00:35

Health: 21/21      AC:  2    Str:  8    XL:     2   Next: 13%
Magic:  4/5        EV: 11    Int: 15    God:
Gold:   23         SH:  0    Dex: 13    Spells: 4/5 levels left

rFire   . . .        e - +0 dagger
rCold   . . .        (no shield)
rNeg    . . .        a - +0 robe
rPois   .            (no helmet)
rElec   .            (no cloak)
rCorr   .            (no gloves)
SInv    .            (no boots)
Will    .....        (no amulet)
Stlth   ++           (no ring)
HPRegen 0.23/turn    (no ring)
MPRegen 0.09/turn

%: no passive effects
@: no status effects
A: spiny 1
a: no special abilities


You escaped.
You visited 1 branch of the dungeon, and saw 1 of its levels.

You collected 23 gold pieces.

Inventory:

Hand Weapons
 e - a +0 dagger (weapon)
Armour
 a - a +0 robe (worn)
Jewellery
 c - a ring of poison resistance
Potions
 b - a potion of magic
 d - 2 potions of curing {unknown}


   Skills:
 + Level 1.0 Fighting
 - Level 1.7 Dodging
 - Level 1.7 Stealth
 + Level 2.2 Spellcasting
 - Level 1.0 Conjurations
 + Level 2.9 Earth Magic


You had 4 spell levels left.
You knew the following spells:

 Your Spells              Type           Power      Damage    Failure   Level
a - Sandblast             Erth           20%        2d7       7%          1

Your spell library contained the following spells:

 Spells                   Type           Power      Damage    Failure   Level
 Passwall                 Erth           10%        N/A       21%         3
 Stone Arrow              Conj/Erth      14%        3d7       28%         3
 Brom's Barrelling Bould  Conj/Erth      7%         2d3       67%         4
 Petrify                  Alch/Erth      6%         N/A       75%         4


Dungeon Overview and Level Annotations

Branches:
Dungeon (1/15) Zot: 5526

Altars:


Innate Abilities, Weirdness & Mutations

You are partially covered in sharp spines.


Message History

You have reached level 2!
Your demonic ancestry asserts itself...
Sharp spines emerge from parts of your body.
Things that are here:
a +0 club; a goblin corpse A bat comes into view.
Unknown command.
The bat misses you.
Casting: Sandblast (safe; 7% risk of failure)
Confirm with . or Enter, or press ? or * to list all spells.
Aiming: Sandblast (safe; 7% risk of failure)
Press: ? - help, Shift-Dir - straight line, f - bat
Aim: a bat (73% to hit)
The blast of sand hits the bat.
You kill the bat!
Unknown command.
Things that are here:
a +0 club; a goblin corpse
Things that are here:
a +0 club; a kobold corpse A quokka comes into view.
You can't go up here!
Casting: Sandblast (safe; 7% risk of failure)
Confirm with . or Enter, or press ? or * to list all spells.
Aiming: Sandblast (safe; 7% risk of failure)
Press: ? - help, Shift-Dir - straight line, f - quokka
Aim: a quokka (75% to hit)
The blast of sand hits the quokka.
The quokka is heavily wounded.
The quokka closely misses you.
Casting: Sandblast (safe; 7% risk of failure)
Confirm with . or Enter, or press ? or * to list all spells.
Aiming: Sandblast (safe; 7% risk of failure)
Press: ? - help, Shift-Dir - straight line, f/p - quokka
Aim: a quokka (heavily wounded, 75% to hit)
The blast of sand hits the quokka.
You kill the quokka!
Your Fighting skill increases to level 1!
There is a staircase leading out of the dungeon here.
You have escaped!

.############.............#
...............###...###...#
############...#......>#...#
#...#.......#...#
##.............#..
#......#...... #.
##.............#
#...#.......#...
#...#@......#..
#...###...### ##...........
#........... ###...###...
##.# ... .# .. #


There were no monsters in sight!

Vanquished Creatures
  A bat (D:1)
  An endoplasm (D:1)
  A giant cockroach (D:1)
  A goblin (D:1)
  A hobgoblin (D:1)
  A quokka (D:1)
  A ball python (D:1)
  2 kobolds (D:1)
  A rat (D:1)
10 creatures vanquished.

Notes
Turn   | Place    | Note
-------+----------+-------------------------------------------
     0 | D:1      | protoss039 the Demonspawn Earth Elementalist began the
                  | quest for the Orb.
     0 | D:1      | Reached XP level 1. HP: 13/13 MP: 3/3
   364 | D:1      | Gained mutation: You are partially covered in sharp spines.
                  | [demonic ancestry]
   364 | D:1      | Reached XP level 2. HP: 20/20 MP: 3/5
   452 | D:1      | Reached skill level 1 in Fighting
   468 | D:$      | Got out of the dungeon alive.

Illustrated notes

Levels and vault maps discovered:
D:1:      minmay_arrival_open_corners, layout_loops_ring

Skill      XL: |  1  2 |
---------------+-------+-----
Fighting       | 1 |  1.0
Dodging        | |  1.7
Stealth        | |  1.7
Spellcasting   | |  2.2
Conjurations   | |  1.0
Earth Magic    | |  2.9

Action                     || total
---------------------------++-------
  Melee: Unarmed           ||     4
         Punch             ||     1
   Cast: Sandblast         ||    13
 Armour: Robe              ||     4
  Dodge: Dodged            ||     9

Table legend: (Time is in decaauts)
 A = Elapsed time spent in this place.
 B = Non-inter-level travel time spent in this place.
 C = Inter-level travel time spent in this place.
 D = Time resting spent in this place.
 E = Time spent auto-exploring this place.
 F = Levels seen in this place.
 G = Mean time per level.
                   A        B        C        D        E       F      G
               +--------+--------+--------+--------+--------+-----+--------+
         Total |    474 |    423 |     51 |      0 |    340 |   1 |  474.0 |
       Dungeon |    474 |    423 |     51 |      0 |    340 |   1 |  474.0 |
               +--------+--------+--------+--------+--------+-----+--------+

Top non-repeatable levels by time:
     D:1: 474 daAuts
